 Dungeon Crawl Stone Soup version 0.18-a0-1426-g3b9a63c (webtiles) character file.

394 M4edhros the Insei (level 6, 0/38 HPs)
             Began as an Octopode Artificer on Feb 28, 2016.
             Succumbed to a worker ant's poison
             ... on level 4 of the Dungeon.
             The game lasted 00:04:19 (1991 turns).

M4edhros the Insei (Octopode Artificer)             Turns: 1991, Time: 00:04:19

Health: 0/38       AC:  1    Str:  8 (11) XL:     6   Next: 81%
Magic:  8/8        EV: 12    Int: 16      God:
Gold:   75         SH:  0    Dex: 12      Spells: 0 memorised, 5 levels left

rFire  + . .     SeeInvis .       - Unarmed
rCold  . . .     Gourm    .     (no shield)
rNeg   . . .     Faith    .     (helmet restricted)
rPois  .         Spirit   .     (no amulet)
rElec  .         Dismiss  .     a - ring of protection from fire
rCorr  .         Reflect  .     (no ring)
SustAt .         Harm     .     (no ring)
MR     .....                    (no ring)
Stlth  +++.......               (no ring)
                                (no ring)
                                (no ring)
                                (no ring)

@: lethally poisoned (0 -> -6), starving, not resistant to hostile enchantments,
fairly stealthy
A: almost no armour, amphibious, 8 rings, constrict 8, camouflage 1, gelatinous
body 1
a: no special abilities


You were on level 4 of the Dungeon.
You were starving.

You visited 2 branches of the dungeon, and saw 5 of its levels.

You collected 75 gold pieces.

Inventory:

Jewellery
 a - a ring of protection from fire (left tentacle)
 j - an uncursed amulet of harm
Wands
 b - a wand of flame (15/48)
 c - a wand of enslavement (13/24)
 d - a wand of random effects (10/48)
Scrolls
 e - 2 scrolls of remove curse {unknown}
 h - 2 scrolls of recharging {unknown}
 i - a scroll of enchant armour {unknown}
 k - a scroll of identify {unknown}
 m - a scroll of teleportation {unknown}
 n - a scroll of enchant weapon {unknown}
Potions
 l - a potion of degeneration
Comestibles
 f - 3 bread rations


   Skills:
 - Level 1.0 Fighting
   Level 1.0 Short Blades
 - Level 2.0 Dodging
 - Level 1.3 Stealth
 + Level 6.6 Unarmed Combat
 - Level 3.2 Evocations


You had 5 spell levels left.
You didn't know any spells.

Dungeon Overview and Level Annotations

Branches:
Dungeon (4/15)             Temple (1/1) D:4

Altars:
Cheibriados
Dithmenos
Elyvilon
Fedhas
Kikubaaqudgha
Nemelex Xobeh
Okawaru
Pakellas
Qazlal
Trog
Vehumet
Yredelemnul


Innate Abilities, Weirdness & Mutations

You cannot wear most types of armour.
You are amphibious.
You can wear up to eight rings at the same time.
You can use your tentacles to constrict eight enemies at once.
Your skin changes colour to match your surroundings (Stealth).
Your rubbery body absorbs attacks (AC +1).


Message History

You squeeze the worker ant, but do no damage.
The worker ant is moderately wounded.
You constrict the worker ant. The worker ant barely misses you.
You tentacle-slap the worker ant. You squeeze the worker ant.
The worker ant is heavily wounded.
You constrict the worker ant, but do no damage.
The worker ant bites you.
* * * LOW HITPOINT WARNING * * *
You are lethally poisoned!
The worker ant poisons you!
You tentacle-slap the worker ant but do no damage.
The worker ant is heavily wounded.
You constrict the worker ant, but do no damage.
* * * LOW HITPOINT WARNING * * *
You feel sick. The worker ant closely misses you.
Unknown command.
You tentacle-slap the worker ant.
The worker ant is heavily wounded.
You constrict the worker ant.
You die...

##...... #....... . #....... .###
#. ###### ##....... ..[#
#..#..<.# ###........ #.#####
#......######.....(<...
#.....#####...........###......
#......##........#######.......
###.......#.#...@#...#####.......
..#.......#.#...a###.............
..#.......#.#....................
.........#)...........####.......
##.#.........#...####..###.......
##.........###.### ##...>.#.....
..#........#....# #...........
...........#....# #.####..##.#
..##............# ##.####.###.#


You could see a worker ant.

Vanquished Creatures
  Grinder (D:4)
  A hound (D:4)
  An orc wizard (D:4)
  A giant frog skeleton (D:4)
  Jessica (D:4)
  An iguana (D:4)
  2 adders (D:4)
  2 adder skeletons (D:4)
  A dart slug (D:1)
  A giant gecko (D:4)
  3 orcs (D:4)
  2 giant cockroaches (D:2)
  3 goblins
  4 hobgoblins
  A jackal (D:1)
  A quokka (D:4)
  A ball python (D:3)
  A bat (D:2)
  A giant newt (D:1)
  A kobold (D:1)
  A rat (D:2)
31 creatures vanquished.

Vanquished Creatures (collateral kills)
  A jackal (D:1)
  A kobold (D:1)
2 creatures vanquished.

Grand Total: 33 creatures vanquished

Notes
Turn   | Place    | Note
--------------------------------------------------------------
     0 | D:1      | M4edhros the Octopode Artificer began the quest for the Orb.
     0 | D:1      | Reached XP level 1. HP: 13/13 MP: 3/3
    66 | D:1      | Reached skill level 1 in Unarmed Combat
   181 | D:1      | Reached XP level 2. HP: 8/18 MP: 4/4
   550 | D:2      | Reached skill level 2 in Unarmed Combat
   925 | D:4      | Reached XP level 3. HP: 17/23 MP: 5/5
  1102 | D:4      | Reached skill level 3 in Unarmed Combat
  1102 | D:4      | Reached XP level 4. HP: 14/28 MP: 6/6
  1279 | D:4      | Reached skill level 4 in Unarmed Combat
  1359 | D:4      | Found a sparkling altar of Nemelex Xobeh.
  1359 | D:4      | Noticed Jessica
  1363 | D:4      | Killed Jessica
  1363 | D:4      | Reached XP level 5. HP: 17/33 MP: 7/7
  1408 | D:4      | Found a staircase to the Ecumenical Temple.
  1408 | D:4      | Noticed Grinder
  1752 | Temple   | Entered the Ecumenical Temple
  1834 | D:4      | Reached skill level 5 in Unarmed Combat
  1913 | D:4      | Paralysed by Grinder for 3 turns
  1930 | D:4      | Killed Grinder
  1930 | D:4      | Reached skill level 6 in Unarmed Combat
  1930 | D:4      | Reached XP level 6. HP: 9/38 MP: 8/8
  1990 | D:4      | HP: 1/38 [poisoned by a worker ant]
  1991 | D:4      | Succumbed to a worker ant's poison

Vault maps used:
D:1:      dpeg_arrival_three_same_balls
D:3:      minmay_hedge_maze
D:4:      minmay_temple_entry_overgrown, first_bread,
          nemelex_lonely_heart_becter, uniq_grinder
Temple:   circular_temple_pool_12

Skill      XL: |  1  2  3  4  5 |
---------------+----------------+-----
Unarmed Combat | 1 2 3 4 6 |  6.6
Fighting       | |  1.0
Short Blades   | |  1.0
Dodging        | |  2.0
Stealth        | |  1.3
Evocations     | |  3.2

Action                   |  1- 3 |  4- 6 || total
-------------------------+-------+-------++-------
Melee: Unarmed           |    52 |    56 ||   108
Evoke: Wand              |     3 |     4 ||     7
  Use: Potion            |       |     2 ||     2
 Stab: Sleeping          |     7 |       ||     7
       Confused          |       |     1 ||     1
  Eat: Chunk             |     1 |       ||     1
